 Dungeon Crawl Stone Soup version 0.30-a0-1103-g25895a7845 (webtiles) character file.

Game seed: 16311419714356664001

45 Lobster4 the Magician (level 3, -8/27 HPs)
             Began as a Djinni Fire Elementalist on Apr 18, 2023.
             Mangled by a gnoll
             ... wielding a +0 halberd
              (15 damage)
             ... on level 2 of the Dungeon.
             The game lasted 00:02:02 (906 turns).

Lobster4 the Magician (Djinni Fire Elementalist)     Turns: 906, Time: 00:02:02

Health: -8/27      AC:  2    Str:  7    XL:     3   Next: 90%
Gold:   14         EV: 12    Int: 18    God:
                   SH:  0    Dex: 13

rFire   + + .      SeeInvis .    d - +0 dagger
rCold   x . .      Faith    .    (no shield)
rNeg    . . .      Spirit   .    a - +0 robe
rPois   ∞          Reflect  .    (no helmet)
rElec   .          Rampage  .    (no cloak)
rCorr   .                        (no gloves)
Will    +....                    (boots unavailable)
Stlth   ++                       (no amulet)
HPRegen 0.24/turn                c - ring of willpower
MPRegen 0.00/turn                (no ring)

@: flying
A: sickness immunity, fire resistance 2, cold vulnerability 1, float, innate
caster, HP casting, extra vitality 1
a: no special abilities


You were on level 2 of the Dungeon.
You visited 1 branch of the dungeon, and saw 2 of its levels.

You collected 14 gold pieces.

Inventory:

Hand Weapons
 d - a +0 dagger (weapon)
Missiles
 h - 7 javelins (quivered)
Armour
 a - a +0 robe (worn)
 l - a +2 ring mail of fire resistance
Jewellery
 c - a ring of willpower (left hand)
Scrolls
 b - a scroll of blinking {unknown}
 i - a scroll of fog {unknown}
 j - a scroll of butterflies {unknown}
 n - a scroll of noise {unknown}
Potions
 e - a potion of might {unknown}
 f - a potion of degeneration {unknown}
 g - 2 potions of heal wounds {unknown}
 k - a potion of mutation {unknown}
 m - 2 potions of brilliance {unknown}


   Skills:
 + Level 1.0 Fighting
 + Level 0.6 Short Blades
 + Level 1.1 Armour
 + Level 2.6 Dodging
 - Level 2.0 Stealth
 + Level 2.6 Spellcasting


You knew the following spells:

 Your Spells              Type           Power      Damage    Failure   Level
a - Foxfire               Conj/Fire      44%        2x1d6     6%          1
b - Scorch                Fire           22%        2d6       9%          2
c - Volatile Blastmotes   Fire/Tloc      22%        2d11      17%         3
d - Inner Flame           Hex/Fire       11%        N/A       17%         3
e - Flame Wave            Conj/Fire      11%        2d6       50%         4
f - Beastly Appendage     Tmut           22%        N/A       6%          1
Your spell library was empty.

Dungeon Overview and Level Annotations

Branches:
Dungeon (2/15)

Altars:


Innate Abilities, Weirdness & Mutations

You are immune to sickness and miasma.
You are immune to poison.
Your flesh is very heat resistant. (rF++)
You are vulnerable to cold. (rC-)
You float through the air rather than walking.
You learn spells naturally, not from books.
Your magical power is your life essence.
You have superior vitality. (+4 MHP)


Message History

Your foxfire dissipates! x2
A rat comes into view.
Casting: Foxfire (safe; 6% risk of failure)
Confirm with . or Enter, or press ? or * to list all spells.
You conjure some foxfire!
Unknown command.
Casting: Foxfire (safe; 6% risk of failure)
Confirm with . or Enter, or press ? or * to list all spells.
You conjure some foxfire!
The foxfire hits the rat.
The rat is severely wounded.
Unknown command.
The foxfire hits the rat.
You kill the rat!
Your foxfire dissipates! x2
Found a book of Displacement.
Found a stone staircase leading down.
n - a scroll labelled NOGUPLADAER A gnoll comes into view.
It is wielding a +0 whip of electrocution.
The gnoll shouts!
You hear a shout!
A gnoll comes into view. It is wielding a +0 club.
The gnoll throws a throwing net.
The throwing net hits you.
You become entangled in the net!
A gnoll comes into view. It is wielding a +0 halberd.
You see here a throwing net.
You struggle against the net.
You struggle against the net.
You tear a large gash into the net.
The gnoll shouts!
You struggle against the net.
A gnoll comes into view. It is wielding a +0 whip.
You shred the net and break free!
The gnoll throws a throwing net.
The throwing net hits you.
You become entangled in the net!
You struggle against the net.
The gnoll hits you from afar with a +0 halberd!
You tear a large gash into the net.
The gnoll hits you from afar with a +0 halberd!
* * * LOW HITPOINT WARNING * * *
You rip the net and break free!
The gnoll barely misses you.
The gnoll hits you from afar with a +0 halberd!
Ouch! That really hurt!
You die...

#######..... #.##.#
.......#... #.##.#
...#.##.# #.##.#
#.#.##.#####.##.#
#.##.......††).....#
#...............####
#######.##.#######
... #.##.#
.....##@##.#
...g.g..##.#
.....#####># ....
.:# ##. ### .. #


You could see 2 gnolls.

Vanquished Creatures
  Jessica (D:2)
  A dart slug (D:1)
  A bat (D:1)
  An endoplasm (D:1)
  A giant cockroach (D:1)
  2 goblins (D:1)
  3 hobgoblins
  A quokka (D:2)
  A ball python (D:2)
  A frilled lizard (D:2)
  A kobold (D:1)
  3 rats
17 creatures vanquished.

Vanquished Creatures (others)
  75 foxfires
75 creatures vanquished.

Grand Total: 92 creatures vanquished

Notes
Turn   | Place    | Note
-------+----------+-------------------------------------------
     0 | D:1      | Lobster4 the Djinni Fire Elementalist began the quest for
                  | the Orb.
     0 | D:1      | Lobster4 set off with the following spells memorised:
                  | Foxfire, Scorch, Volatile Blastmotes, Inner Flame, Flame
                  | Wave.
     0 | D:1      | Reached XP level 1. HP: 15/15 MP: 0/0
    76 | D:1      | Reached XP level 2. HP: 19/22 MP: 0/0
   854 | D:2      | Noticed Jessica
   859 | D:2      | Killed Jessica
   860 | D:2      | Reached skill level 1 in Fighting
   860 | D:2      | Reached skill level 1 in Armour
   860 | D:2      | Reached XP level 3. HP: 23/27 MP: 0/0
   860 | D:2      | Learned a level 1 spell: Beastly Appendage
   906 | D:2      | Mangled by a gnoll

Illustrated notes

Levels and vault maps discovered:
D:1:      dpeg_arrival_orchard, layout_loops_cross
D:2:      layout_loops_ring, minmay_tetromino_i2, uniq_jessica

Skill      XL: |  1  2 |
---------------+-------+-----
Fighting       | 1 |  1.0
Armour         | 1 |  1.1
Stealth        | 2 |  2.0
Short Blades   | |  0.6
Dodging        | |  2.6
Spellcasting   | |  2.6

Action                     || total
---------------------------++-------
   Cast: Foxfire           ||    46
  Dodge: Dodged            ||     2

Table legend: (Time is in decaauts)
 A = Elapsed time spent in this place.
 B = Non-inter-level travel time spent in this place.
 C = Inter-level travel time spent in this place.
 D = Time resting spent in this place.
 E = Time spent auto-exploring this place.
 F = Levels seen in this place.
 G = Mean time per level.
                   A        B        C        D        E       F      G
               +--------+--------+--------+--------+--------+-----+--------+
         Total |    904 |    824 |     80 |      0 |    692 |   2 |  452.0 |
       Dungeon |    904 |    824 |     80 |      0 |    692 |   2 |  452.0 |
               +--------+--------+--------+--------+--------+-----+--------+

Top non-repeatable levels by time:
     D:1: 740 daAuts
     D:2: 164 daAuts
